 Dungeon Crawl Stone Soup version 0.32-a0-913-g739538afd8 (webtiles) character file.

Game seed: 22108007613058037

132 BorgnjorsVileCrotch the Changeling (level 4, 22/22 HPs)
             Began as a Felid Shapeshifter on Apr 8, 2024.
             Quit the game on level 4 of the Dungeon.
             The game lasted 00:01:27 (2357 turns).

BorgnjorsVileCrotch the Changeling (FeSh)           Turns: 2357, Time: 00:01:28

Health: 22/22      AC:  1    Str: 10    XL:     4   Next: 92%
Magic:  14/14      EV: 16    Int: 13    God:
Gold:   126        SH:  0    Dex: 18    Spells: 3/3 levels left
                                        Lives:  1   Deaths: 1

rFire   . .          .
                       - Unarmed
rCold   . . .        (shield unavailable)
rNeg    . . .        (body armour unavailable)
rPois   .            (helmet unavailable)
rElec   .            (cloak unavailable)
rCorr   .            (gloves unavailable)
SInv    +            (boots unavailable)
Will    .....        (no amulet)
Stlth   ++           e - ring of magical power
HPRegen 0.23/turn    (no ring)
MPRegen 0.14/turn

%: no passive effects
@: beast-form
A: beast (slay +2), very small, claws 1, fangs 3, see invisible, shaggy fur 1,
stealthy paws, no weapons or thrown items, no armour, multi-lived
a: Begin Untransformation


You were on level 4 of the Dungeon.
You were a hulking beast.
You visited 1 branch of the dungeon, and saw 4 of its levels.

You collected 126 gold pieces.

Inventory:

Jewellery
 e - a ring of magical power (left paw)
   (You found it on level 3 of the Dungeon)
Talismans
 b - a beast talisman (active)
 c - a flux talisman
Scrolls
 i - a scroll of teleportation {@r3}
 j - a scroll of vulnerability
Potions
 a - 2 potions of lignification
 f - a potion of heal wounds {@q2}
 g - a potion of might {@q3}
 h - 2 potions of curing {unknown}
 k - a potion of brilliance


   Skills:
 - Level 1.0 Fighting
 - Level 2.6 Dodging
 - Level 3.0 Unarmed Combat
 + Level 4.8 Shapeshifting


You had 3 spell levels left.
You didn't know any spells.
Your spell library was empty.

Dungeon Overview and Level Annotations

Branches:
Dungeon (4/15)
 Temple: D:4-7

Altars:


Innate Abilities, Weirdness & Mutations

You are a hulking beast.
Your limbs bulge with bestial killing power. (Slay +2)
You have sharp claws.
You have razor-sharp teeth.
You have supernaturally acute eyesight. (SInv)
You are covered in fur. (AC +1)
Your paws help you pounce on unaware monsters.
You are incapable of wielding weapons or throwing items.
You cannot wear armour.
You gain extra lives every three experience levels.


Message History

There is an open door here.
You see here a +0 ring mail.
You see here a +0 sling.
Found 4 stones.
You see here 4 stones.
There is an open door here.
You open the door.
There is an open door here.
You open the door.
There is an open door here.
You see here a hobgoblin skeleton.
You see here a +0 mace.
You see here a +2 vampiric dagger.
There is an open door here.
You see here a +0 ring mail.
You see here a frilled lizard skeleton.
There is an open door here.
Done exploring.
No target in view!
No target in view!
No target in view!
No target in view!
No target in view!
No target in view!
No target in view!
No target in view!
Done exploring.
Done exploring.
Done exploring.
No target in view!
Blink to where?
Press: ? - help, Dir - move target
As you read the scroll labelled WEHYMO DAFU, it crumbles to dust.
It was a scroll of blinking.
(D) Dungeon
Where to? (Tab/Enter - D:3, ? - help)
There is a stone staircase leading down here.
You climb downwards.
The orc shouts!
Found a scroll of identify and 18 gold pieces.
There is a stone staircase leading up here.
There are monsters nearby!
There are monsters nearby!
There are monsters nearby!
As you read the scroll of identify {@r1}, it crumbles to dust.
k - a potion of brilliance The iguana hisses angrily.
An orc wizard comes into view. It is wielding a +0 dagger.
The iguana misses you.
You scratch the iguana but do no damage.
You scratch the iguana. You bite the iguana.
The iguana is lightly wounded.
An orc warrior comes into view. It is wielding a +0 scimitar.
The orc closely misses you. The iguana closely misses you.
You barely miss the iguana.
The iguana is lightly wounded.
The iguana completely misses you. The orc closely misses you.
An orc comes into view. It is wielding a +0 flail.
You closely miss the iguana.
The iguana is lightly wounded.
The iguana misses you. The orc closely misses you.
You barely miss the iguana. You bite the iguana.
The iguana is moderately wounded.
The orc completely misses you. The orc wizard closely misses you.
The iguana bites you.
You scratch the iguana.
The iguana is heavily wounded.
The orc closely misses you.
The iguana bites you but does no damage.
You closely miss the iguana.
The iguana is heavily wounded.
The orc warrior hits you with a +0 scimitar.
The orc barely misses you.
The orc wizard mumbles some strange words.
The orc wizard flickers and vanishes for a moment.
The iguana misses you.
You scratch the iguana. You bite the iguana.
You kill the iguana!
The orc warrior hits you with a +0 scimitar!
Ouch! That really hurt!
* * * LOW HITPOINT WARNING * * *
The orc completely misses you. The orc wizard misses you.
You are too injured to fight recklessly!
You are too injured to fight recklessly!
You are too injured to fight recklessly!
You are too injured to fight recklessly!
You are too injured to fight recklessly!
You are too injured to fight recklessly!
You are too injured to fight recklessly!
You are too injured to fight recklessly!
You are too injured to fight recklessly!
You are too injured to fight recklessly!
You are too injured to fight recklessly!
The orc warrior misses you. The orc barely misses you.
The orc wizard completely misses you. The orc hits you with a +0 flail!
You die...
Your shape twists and changes as you die.
You rejoin the land of the living...
Found a white potion.
Are you sure you want to abandon this character and quit the game? (Confirm with "yes".)

...
#.#
#.#
#.#
#!#
#.#
#.#
#h#
#.#
#.#
#.#
#.#
#.#
#.#
#.#


There were no monsters in sight!

Vanquished Creatures
  An iguana (D:4)
  4 adders
  2 ribbon worms (D:2)
  4 dart slugs
  6 ball pythons
  5 endoplasms
  5 giant cockroaches
  4 goblins
  4 hobgoblins
  2 jackals (D:3)
  2 quokkas
  9 frilled lizards
  5 kobolds
  4 rats
57 creatures vanquished.

Notes
Turn   | Place    | Note
-------+----------+-------------------------------------------
     0 | D:1      | BorgnjorsVileCrotch the Felid Shapeshifter began the quest
                  | for the Orb.
     0 | D:1      | Reached XP level 1. HP: 10/10 MP: 2/2
   110 | D:1      | Reached skill level 3 in Shapeshifting
   208 | D:1      | Reached XP level 2. HP: 6/14 MP: 3/3
   753 | D:2      | Reached XP level 3. HP: 16/18 MP: 4/4
   852 | D:2      | Reached skill level 4 in Shapeshifting
  1099 | D:2      | Reached XP level 4. HP: 22/22 MP: 5/5
  1099 | D:2      | Gained a life (2 lives remaining)
  1400 | D:2      | Found a faded altar of an unknown god.
  2349 | D:4      | Noticed an orc warrior
  2356 | D:4      | Mangled by an orc
  2356 | D:4      | Lost a life (1 life remaining)
  2357 | D:4      | Quit the game

Illustrated notes

Levels and vault maps discovered:
D:1:      matt_arrival_grand_opening, layout_basic, serial_bayou,
          serial_bayou_lake_a, serial_bayou_shore_a, serial_bayou_pond_e,
          serial_bayou_pond_c, serial_bayou_lagoon_a, serial_bayou_pond_c
D:2:      layout_basic, basic_ecumenical_altar
D:3:      layout_basic, serial_corexii_hall, corexii_hall_statues_x,
          corexii_hall_statues_x, nrook_campfire
D:4:      layout_rooms

Skill      XL: |  1  2  3 |
---------------+----------+-----
Shapeshifting  | 3 4 |  4.8
Fighting       | |  1.0
Dodging        | |  2.6
Unarmed Combat | |  3.0

Action                     |  1- 3 |  4- 6 || total
---------------------------+-------+-------++-------
  Melee: Unarmed           |    90 |    41 ||   131
         Bite              |     9 |     5 ||    14
         Punch             |     2 |       ||     2
    Use: Scroll            |       |     8 ||     8
   Stab: Sleeping          |     3 |     3 ||     6
 Armour: Skin              |    27 |    10 ||    37
  Dodge: Dodged            |    51 |    36 ||    87

Table legend: (Time is in decaauts)
 A = Elapsed time spent in this place.
 B = Non-inter-level travel time spent in this place.
 C = Inter-level travel time spent in this place.
 D = Time resting spent in this place.
 E = Time spent auto-exploring this place.
 F = Levels seen in this place.
 G = Mean time per level.
                   A        B        C        D        E       F      G
               +--------+--------+--------+--------+--------+-----+--------+
         Total |   2418 |   2373 |     45 |      0 |   2006 |   4 |  604.5 |
       Dungeon |   2418 |   2373 |     45 |      0 |   2006 |   4 |  604.5 |
               +--------+--------+--------+--------+--------+-----+--------+

Top non-repeatable levels by time:
     D:3: 903 daAuts
     D:1: 813 daAuts
     D:2: 690 daAuts
     D:4: 11 daAuts
